 Dungeon Crawl Stone Soup version 0.31-a0-920-g28cbb04a8c (webtiles) character file.

Game seed: 12219473994997212739

46433 kae the Jinx (level 14, -3/101 HPs)
             Began as a Demonspawn Enchanter on Oct 17, 2023.
             Was the Champion of Dithmenos.
             Slain by a death yak (6 damage)
             ... while petrified by a catoblepas
             ... on level 3 of the Lair of Beasts.
             The game lasted 00:23:18 (18180 turns).

kae the Jinx (Demonspawn Enchanter)                Turns: 18180, Time: 00:23:19

Health: -3/101     AC: 21    Str: 14    XL:     14   Next: 4%
Magic:  22/25      EV:  2    Int: 18    God:    Dithmenos [******]
Gold:   651        SH:  0    Dex: 14    Spells: 10/28 levels left

rFire   + . .        p - +2 dagger (venom)
rCold   . . .        (no shield)
rNeg    + + +        K - +6 scale mail "Laomyefa" {rF+}
rPois   ∞            J - +2 hat {Stlth+}
rElec   .            n - +1 cloak
rCorr   +            (no gloves)
SInv    .            (no boots)
Will    +....        l - amulet "Xeats" {Reflect rCorr Str+6 Int-4 SH+5}
Stlth   +++++++      E - +5 ring of evasion
HPRegen 0.36/turn    O - +4 ring of protection
MPRegen 0.19/turn

%: reflection
@: petrified, wreathed by umbra, studying Shields
A: claws 2, horns 2, spiny 2, demonic magic 2, weakness stinger 1
a: Renounce Religion, Shadow Step, Shadow Form


You were on level 3 of the Lair of Beasts.
You worshipped Dithmenos.
Dithmenos was exalted by your worship.
You visited 3 branches of the dungeon, and saw 17 of its levels.
You also visited: Sewer and Bailey.

You collected 776 gold pieces.
You spent 125 gold pieces at shops.


Innate Abilities, Weirdness & Mutations

You have very sharp fingernails.
You have a pair of horns on your head.
You are mostly covered in sharp spines.
Spells you cast may paralyse nearby enemies.
You have a small tail.


   Skills:
 + Level 6.7 Fighting
 - Level 12.0 Short Blades
 - Level 4.0 Armour
 + Level 6.3 Dodging
 + Level 10.0 Stealth
 - Level 7.6 Spellcasting
 - Level 5.0 Conjurations
 - Level 12.0 Hexes
 - Level 5.1 Ice Magic


You had 10 spell levels left.
You knew the following spells:

 Your Spells              Type           Power      Damage    Failure   Level
a - Ensorcelled Hibernat  Hex/Ice        74%        N/A       1%          2
b - Confusing Touch       Hex            50%        N/A       1%          3
c - Tukima's Dance        Hex            50%        N/A       1%          3
d - Dazzling Flash        Conj/Hex       74%        N/A       3%          3
e - Slow                  Hex            100%       N/A       1%          1
f - Sigil of Binding      Hex            50%        N/A       1%          3
g - Summon Guardian Gole  Hex/Summ       28%        N/A       11%         3

Your spell library contained the following spells:

 Spells                   Type           Power      Damage    Failure   Level
 Freeze                   Ice            100%       1d10      4%          1
 Frozen Ramparts          Ice            50%        1d8       14%         3
 Hailstorm                Conj/Ice       25%        3d7       14%         3
 Ozocubu's Armour         Ice            25%        N/A       14%         3
 Static Discharge         Conj/Air       30%        2-4/arc   22%         2
 Summon Small Mammal      Summ           24%        N/A       38%         1
 Call Canine Familiar     Summ           6%         N/A       77%         3
 Vampiric Draining        Necr           6%         2d6       77%         3
 Airstrike                Air            3%         2d(1-17)  99%         4
 Summon Lightning Spire   Summ/Air       6%         N/A       99%         4
 Ozocubu's Refrigeration  Ice            12%        4d10      100%        7

Inventory:

Hand Weapons
 a - a +1 dagger
 p - a +2 dagger of venom (weapon)
   (You took it off a kobold on level 3 of the Dungeon)
 S - a +1 dagger of venom
   (You bought it in a shop on level 11 of the Dungeon)
 X - the +9 staff of Olgreb {rPois∞}
   (You found it on level 11 of the Dungeon)

   Radiate:   It can be activated via the 'a'bility menu to radiate toxic
   energy, with effectiveness depending on Evocations skill.
   Pois:      It enhances your poison magic.
   rPois∞: It grants immunity to poison.
Armour
 b - a +0 robe
 d - a scarf of resistance
   (You found it on level 1 of the Dungeon)
 n - a +1 cloak (worn)
   (You found it on level 2 of the Dungeon)
 H - a +3 leather armour
   (You took it off an orc in a bailey)
 J - a +2 hat of stealth (worn)
   (You took it off Gastronok on level 8 of the Dungeon)
 K - the +6 scale mail "Laomyefa" (worn) {rF+}
   (You found it on level 8 of the Dungeon)

   rF+:       It protects you from fire.
Magical Staves
 A - the staff of Ancient Evil {rF+ Int+3 Fire, !a}
   (You found it in a sewer)

   [staff of fire]

   Base accuracy: +5 Base damage: 5 Base attack delay: 1.2 This weapon's minimum
   attack delay (0.6) is reached at skill level 12.
   Int+3:     It affects your intelligence (+3).
   rF+:       It protects you from fire.
   Fire:      It increases the power of your Fire spells.
   It falls into the 'Staves' category.
   It is a one-handed weapon.
 R - a staff of conjuration {!a}
   (You took it off a centaur warrior on level 11 of the Dungeon)
Jewellery
 i - the ring "Pauts" {Contam Fly rF+ Will+++ Int+6}
   (You found it on level 2 of the Lair of Beasts)

   [ring of intelligence]

   Int+6:     It affects your intelligence (+6).
   rF+:       It protects you from fire.
   Will+++:   It greatly increases your willpower.
   Fly:       It grants you flight.
   Contam:    It causes magical contamination when unequipped.
 l - the amulet "Xeats" (around neck) {Reflect rCorr Str+6 Int-4 SH+5}
   (You found it on level 1 of the Lair of Beasts)

   [amulet of reflection]

   Reflect:   It reflects blocked missile attacks.
   Str+6:     It affects your strength (+6).
   Int-4:     It affects your intelligence (-4).
   rCorr:     It protects you from acid and corrosion.
   SH+5:      It affects your SH (+5).
 v - a ring of see invisible
   (You found it on level 3 of the Lair of Beasts)
 C - a ring of ice
   (You found it on level 5 of the Dungeon)
 D - a +6 ring of dexterity
   (You found it on level 12 of the Dungeon)
 E - a +5 ring of evasion (left claw)
   (You found it on level 1 of the Dungeon)
 F - an amulet of reflection
   (You found it on level 11 of the Dungeon)
 L - a ring of flight
   (You found it on level 3 of the Lair of Beasts)
 O - a +4 ring of protection (right claw)
   (You found it on level 12 of the Dungeon)
 P - a ring of poison resistance
   (You found it on level 2 of the Lair of Beasts)
Wands
 q - a wand of charming (5)
   (You found it in a sewer)
 w - a wand of mindburst (17)
   (You found it on level 3 of the Dungeon)
 y - a wand of polymorph (18)
   (You found it on level 4 of the Dungeon)
 I - a wand of flame (34)
   (You took it off a wight on level 7 of the Dungeon)
 M - a wand of acid (8)
   (You found it on level 8 of the Dungeon)
 Q - a wand of roots (2)
   (You found it on level 10 of the Dungeon)
Scrolls
 j - 7 scrolls of teleportation {@r4}
 k - 3 scrolls of identify {@r1}
 m - a scroll of immolation {!r!r}
 o - a scroll of enchant armour
 s - 4 scrolls of blinking {!r}
 u - 4 scrolls of revelation
 B - 2 scrolls of fear
 T - 2 scrolls of poison {!r}
 Y - a scroll of silence {!r}
 Z - a scroll of butterflies
Potions
 c - 2 potions of heal wounds {@q2}
 e - 3 potions of brilliance
 f - 6 potions of mutation {!q}
 h - 6 potions of curing {@q1}
 r - 2 potions of lignification {!q}
 t - 2 potions of might
 x - 6 potions of haste {@q3}
 z - 2 potions of enlightenment
 G - a potion of ambrosia
 N - a potion of berserk rage {!q}
 V - 2 potions of magic
Miscellaneous
 g - a condenser vane
   (You found it on level 2 of the Lair of Beasts)
 U - a phial of floods
   (You found it on level 10 of the Dungeon)
 W - a lightning rod (4/4)
   (You found it on level 9 of the Dungeon)

Dungeon Overview and Level Annotations

Branches:
Dungeon (12/15) Zot: 25719  Temple (1/1) D:5 Zot: 5981    Lair (4/5) D:11 Zot: 20568
  Swamp (0/4) Lair:2        Snake (0/4) Lair:2        Slime (0/5) Lair:4
    Orc (0/2) D:10          Sewer (visited)          Bailey (visited)

Altars:
Ashenzari
Cheibriados
Dithmenos
Fedhas
Gozag
Hepliaklqana
Kikubaaqudgha
Makhleb
Nemelex Xobeh
Okawaru
Qazlal
Ru
Sif Muna
Trog
Uskayaw
Vehumet
Wu Jian
Xom
Yredelemnul
Jiyva

Shops:
D:3 (   D:11 !(:

Annotations:
D:9 4 transporters
D:11 1 runed translucent door

#............# ####
##÷.........## ...#
##.....#....## ..##
####..####P#P..# ..## #.#..##
###.... ...# ###.....### #....#
...# ###......##.# ##...# ...####
#.Y.Y.......# ###.. #.###.#
##†@...#....# #..#.
......#########.#Y......######...
[....^.....#.###.....##.#.⌠.##...
............#####....###.....#...
..#.....##P...#..#...# #⌠.<.⌠#.##
...##...####........## #.....###
..####..# #...###...# #....##
#..###### #######...# ###+.###
#.##.## ###PP###..# ##......#


You could see 2 death yaks and a catoblepas.


Message History

You are engulfed in calcifying dust.
The blink frog blinks!
The eight-headed hydra is struck by your spines.
The eight-headed hydra bites you!
* * * LOW HITPOINT WARNING * * *
The eight-headed hydra bites you but does no damage.
The eight-headed hydra bites you.
* * * LOW HITPOINT WARNING * * *
The eight-headed hydra bites you but does no damage.
The eight-headed hydra bites you.
* * * LOW HITPOINT WARNING * * *
The eight-headed hydra bites you!
* * * LOW HITPOINT WARNING * * *
The eight-headed hydra bites you but does no damage. x2
The catoblepas breathes a plume of calcifying dust at you.
The blast of calcifying dust hits you but does no damage.
The blast of calcifying dust hits the komodo dragon but does no damage.
The death yak gores you but does no damage.
The komodo dragon is engulfed in calcifying dust. x2
You are engulfed in calcifying dust.
The death yak is no longer petrified.
The eight-headed hydra is struck by your spines.
The eight-headed hydra bites you.
* * * LOW HITPOINT WARNING * * *
The eight-headed hydra bites you.
* * * LOW HITPOINT WARNING * * *
The eight-headed hydra bites you.
* * * LOW HITPOINT WARNING * * *
The eight-headed hydra bites you but does no damage.
The eight-headed hydra bites you.
* * * LOW HITPOINT WARNING * * *
The eight-headed hydra bites you but does no damage. x3
The death yak is struck by your spines. The death yak barely misses you.
The catoblepas breathes a plume of calcifying dust at you.
The blast of calcifying dust hits you but does no damage.
The blast of calcifying dust hits the komodo dragon.
The death yak is struck by your spines.
The death yak gores you but does no damage.
The komodo dragon is engulfed in calcifying dust.
You turn to flesh and can move again. 😨 HP[-51] MP[+2]
You take 51 damage, and now have 29/101 hp.
MASSIVE DAMAGE!! (PAUSE)
You regained 2 mp, and now have 20/25 mp.
Unknown command.
As you read the scroll of fear, it crumbles to dust.
You assume a fearsome visage.
The death yak resists with almost no effort. x2
The eight-headed hydra looks frightened!
The komodo dragon looks frightened!
The cane toad looks frightened!
The catoblepas resists with almost no effort.
The blink frog looks frightened! x2
You are engulfed in calcifying dust.
You are slowing down.
The komodo dragon is no longer petrified.
The death yak gores you but does no damage.
The komodo dragon is engulfed in calcifying dust.
The komodo dragon is moving more slowly.
The blink frog blinks!
The catoblepas gores you but does no damage.
The death yak gores you but does no damage.
The blink frog blinks!
Unknown command.
The cane toad is no longer petrified.
The blink frog blinks! x2
The death yak gores you but does no damage.
The catoblepas is struck by your spines.
The catoblepas gores you but does no damage.
The death yak is struck by your spines. The death yak misses you.
The death yak is struck by your spines. The death yak closely misses you.
The catoblepas gores you but does no damage.
The death yak is struck by your spines.
The death yak gores you but does no damage.
Your limbs are stiffening.
You climb upwards.
You have turned to stone.
The death yak gores you.
* * * LOW HITPOINT WARNING * * *
The catoblepas gores you.
* * * LOW HITPOINT WARNING * * *
The death yak is struck by your spines. The death yak gores you!
* * * LOW HITPOINT WARNING * * *
The death yak is struck by your spines. The death yak completely misses you.
The catoblepas gores you!
* * * LOW HITPOINT WARNING * * *
The death yak gores you. The death yak gores you.
* * * LOW HITPOINT WARNING * * *
The catoblepas is struck by your spines.
The catoblepas gores you but does no damage.
The death yak gores you but does no damage.
The death yak gores you.
The catoblepas is struck by your spines.
The catoblepas completely misses you. The death yak is struck by your spines.
The death yak gores you but does no damage.
The death yak gores you!
* * * LOW HITPOINT WARNING * * *
The catoblepas gores you!!
* * * LOW HITPOINT WARNING * * *
The death yak completely misses you. The death yak gores you!
You die...

Skill      XL: |  1  2  3  4  5  6  7  8  9 10 11 12 13 14 |
---------------+-------------------------------------------+-----
Short Blades   | 1 2 3 4 6 7 8 9 10 12 | 12.0
Stealth        | 3 4 5 6 7 8 9 10 | 10.0
Hexes          | 4 5 6 7 8 9 10 12 | 12.0
Spellcasting   | 3 4 5 6 7 |  7.6
Ice Magic      | 1 2 3 4 5 |  5.1
Dodging        | 3 4 6 |  6.3
Fighting       | 2 4 6 |  6.7
Armour         | 2 4 |  4.0
Conjurations   | 4 5 |  5.0

Action                     |  1- 3 |  4- 6 |  7- 9 | 10-12 | 13-15 || total
---------------------------+-------+-------+-------+-------+-------++-------
  Melee: Dagger            |   105 |   155 |   248 |   627 |   344 ||  1479
         Tailslap          |    14 |    12 |    33 |   116 |    51 ||   226
         Punch             |     1 |     5 |     1 |     6 |     4 ||    17
         Headbutt          |       |       |    43 |   166 |    69 ||   278
   Cast: Ensorcelled Hiber |     4 |    10 |    24 |    51 |    44 ||   133
         Confusing Touch   |       |       |     1 |    24 |     3 ||    28
         Tukima's Dance    |       |       |       |     5 |       ||     5
         Dazzling Flash    |       |       |       |     7 |    10 ||    17
         Slow              |       |       |       |     2 |       ||     2
  Evoke: Lightning rod     |       |       |       |     1 |       ||     1
         Phial of floods   |       |       |       |     1 |       ||     1
    Use: Scroll            |     3 |     2 |     7 |    13 |     5 ||    30
         Potion            |       |     1 |     1 |     3 |     1 ||     6
   Stab: Sleeping          |     6 |    13 |    29 |    49 |    33 ||   130
         Invisible         |       |     1 |       |     7 |     5 ||    13
         Paralysed         |       |       |     3 |    39 |    16 ||    58
         Confused          |       |       |       |    10 |     2 ||    12
         Distracted        |       |       |       |     1 |       ||     1
 Armour: Robe              |    48 |    38 |    79 |    31 |       ||   196
         Leather armour    |       |       |       |    33 |       ||    33
         Scale mail        |       |       |       |   332 |   203 ||   535
  Dodge: Dodged            |    42 |    88 |   145 |   461 |   160 ||   896
  Block: Other             |       |       |       |    28 |    51 ||    79
         Reflection        |       |       |       |       |     1 ||     1

Levels and vault maps discovered:
D:1:      dpeg_arrival_fog, layout_basic
D:2:      minmay_spotlight, layout_loops_ring, minmay_quadrilaterals,
          uniq_jessica
D:3:      minmay_roachtagon, layout_loops_ring, mainiacjoe_overflow_big_doors,
          serial_shops, shop, gup_sewer_entry_bowl, minmay_close_crescents,
          uniq_natasha
D:4:      layout_loops_ring, nicolae_sif_muna_condensation, minmay_distorted
D:5:      layout_layer_cave, tgw_trog, mainiacjoe_overflow_six_doors_small,
          okawaru_ov_weapons_minmay, minmay_temple_entry_drinking_statues,
          uniq_edmund, uniq_menkaure, uniq_duvessa, uniq_pikel,
          uniq_prince_ribbit1
D:6:      layout_gridville, hangedman_abyss_or_decor_slice
D:7:      layout_gridville, enter_bailey_2, reono_crystal_passage
D:8:      layout_cave_pools, nicolae_gozag_cash_rules_everything_around_me,
          nicolae_vehumet_radiance, nicolae_fountain_basement, uniq_gastronok
D:9:      layout_basic, mainiacjoe_overflow_tiny_flanked,
          nicolae_diode_quadrants, uniq_maggie, uniq_jeremiah
D:10:     layout_irregular_city, david_orc_1_choice, uniq_joseph
D:11:     minmay_ornate_pinched, layout_cave_pools, dpeg_oklobed_lair,
          serial_shops, shop, nicolae_stop_n_shop_1, shop, serial_undead,
          serial_undead_a, serial_undead_b, serial_undead_c, serial_undead_e,
          serial_undead_f, serial_undead_e, serial_undead_c,
          minmay_guarded_unrand_staff_of_olgreb, uniq_urug
D:12:     layout_loops_ring, hex_medium, eat_drink_and_be_merry_uskayaw
Temple:   dshaligram_water_room_temple
Lair:1:   layout_misc_corridors, pdpol_lair_cabin_in_the_woods
Lair:2:   layout_regular_city, alex1729_swamp_entry_worm_eleionoma,
          alex1729_snake_entry_snake
Lair:3:   layout_misc_corridors, small_statue_intersection, st_stairs_10,
          lemuel_fruit_tree, serial_bayou_shore_b, grunt_megastairs_3
Lair:4:   layout_cave_shapes, slime_entry_1

Notes
Turn   | Place    | Note
-------+----------+-------------------------------------------
     0 | D:1      | kae the Demonspawn Enchanter began the quest for the Orb.
     0 | D:1      | Reached XP level 1. HP: 13/13 MP: 3/3
     0 | D:1      | magus.rc [v1.11.3]
    31 | D:1      | Reached skill level 1 in Short Blades
   101 | D:1      | You feel monstrous as your demonic heritage exerts itself.
   101 | D:1      | Discovered your monstrous ancestry.
   101 | D:1      | Gained mutation: You have a small tail. [demonic ancestry]
   101 | D:1      | Reached XP level 2. HP: 19/19 MP: 5/5
   104 | D:1      | Learned a level 2 spell: Ensorcelled Hibernation
   276 | D:1      | You pick up a book of Storms and begin reading...
   276 | D:1      | You add the spells Static Discharge, Airstrike and Summon
                  | Lightning Spire to your library.
   385 | D:1      | Gained mutation: You are partially covered in sharp spines.
                  | [demonic ancestry]
   385 | D:1      | Reached XP level 3. HP: 21/24 MP: 6/6
   584 | D:1      | You pick up a book of Callings and begin reading...
   584 | D:1      | You add the spells Summon Small Mammal, Call Canine
                  | Familiar and Summon Guardian Golem to your library.
   726 | D:1      | Reached skill level 3 in Stealth
  1082 | D:2      | Reached skill level 2 in Short Blades
  1098 | D:2      | Reached XP level 4. HP: 30/30 MP: 7/7
  1112 | D:2      | Noticed Jessica
  1115 | D:2      | Killed Jessica
  1165 | D:2      | Reached skill level 4 in Hexes
  1682 | D:3      | Found Raonauch's Weapon Emporium.
  1780 | D:3      | Reached XP level 5. HP: 33/35 MP: 8/8
  1925 | D:3      | You add the spells Ozocubu's Armour and Ozocubu's
                  | Refrigeration to your library.
  2001 | D:3      | Found a glowing drain.
  2005 | Sewer    | Entered a sewer
  2011 | Sewer    | Reached skill level 3 in Short Blades
  2217 | Sewer    | Gained mutation: You have sharp fingernails. [demonic
                  | ancestry]
  2217 | Sewer    | Reached XP level 6. HP: 38/41 MP: 10/10
  2354 | Sewer    | Reached skill level 3 in Spellcasting
  2370 | Sewer    | Reached skill level 5 in Hexes
  2404 | Sewer    | Identified the staff of Ancient Evil {rF+ Int+3 Fire}
  2680 | D:3      | Noticed Natasha
  2685 | D:3      | Killed Natasha
  2686 | D:3      | Reached XP level 7. HP: 46/46 MP: 8/11
  2795 | D:3      | Noticed Natasha
  2798 | D:3      | Killed Natasha
  2799 | D:3      | Reached skill level 4 in Short Blades
  2799 | D:3      | Reached skill level 4 in Stealth
  3041 | D:4      | Learned a level 3 spell: Confusing Touch
  3045 | D:4      | Learned a level 3 spell: Tukima's Dance
  3049 | D:4      | Learned a level 3 spell: Dazzling Flash
  3619 | D:4      | Found a shimmering blue altar of Sif Muna.
  3857 | D:5      | Entered Level 5 of the Dungeon
  3857 | D:5      | Noticed Edmund
  3864 | D:5      | Killed Edmund
  3915 | D:5      | Found a staircase to the Ecumenical Temple.
  3925 | Temple   | Entered the Ecumenical Temple
  3934 | Temple   | Became a worshipper of Dithmenos the Shadowed
  3959 | D:5      | Reached skill level 6 in Hexes
  3959 | D:5      | Reached skill level 1 in Ice Magic
  4011 | D:5      | You pick up a book of Debilitation and begin reading...
  4011 | D:5      | You add the spells Slow, Sigil of Binding and Vampiric
                  | Draining to your library.
  4085 | D:5      | Noticed Prince Ribbit
  4091 | D:5      | Killed Prince Ribbit
  4092 | D:5      | Gained mutation: You have a pair of small horns on your
                  | head. [demonic ancestry]
  4092 | D:5      | Reached XP level 8. HP: 52/52 MP: 10/13
  4169 | D:5      | Found an iron altar of Okawaru.
  4173 | D:5      | Identified the +8 mace of Xiphiz {heavy, rF++ rN+ Str-3}
  4181 | D:5      | You pick up a book of Frost and begin reading...
  4181 | D:5      | You add the spells Freeze, Frozen Ramparts and Hailstorm to
                  | your library.
  4210 | D:5      | Reached skill level 5 in Short Blades
  4210 | D:5      | Reached skill level 4 in Spellcasting
  4350 | D:5      | Noticed Duvessa
  4350 | D:5      | Noticed Dowan
  4352 | D:5      | Killed Duvessa
  4353 | D:5      | Reached skill level 2 in Ice Magic
  4357 | D:5      | Killed Dowan
  4383 | D:5      | Found a snail-covered altar of Cheibriados.
  4384 | D:5      | Noticed Menkaure
  4397 | D:5      | Killed Menkaure
  4398 | D:5      | Reached skill level 5 in Stealth
  4590 | D:5      | Noticed a moth of wrath
  4594 | D:5      | Found a bloodstained altar of Trog.
  4600 | D:5      | Noticed Pikel
  4642 | D:5      | Killed Pikel
  4643 | D:5      | Reached skill level 6 in Short Blades
  4643 | D:5      | Reached skill level 7 in Hexes
  4643 | D:5      | Gained mutation: Spells you cast may paralyse adjacent
                  | enemies. [demonic ancestry]
  4643 | D:5      | Reached XP level 9. HP: 41/57 MP: 12/15
  5387 | D:5      | Learned a level 1 spell: Slow
  5391 | D:5      | Learned a level 3 spell: Sigil of Binding
  5537 | D:6      | Reached skill level 3 in Ice Magic
  5653 | D:6      | Reached * piety under Dithmenos
  5859 | D:6      | Reached skill level 5 in Spellcasting
  5894 | D:6      | Reached skill level 8 in Hexes
  6193 | D:7      | Learned a level 3 spell: Summon Guardian Golem
  6196 | D:7      | Found a flagged portal.
  6207 | Bailey   | Entered a bailey
  6226 | Bailey   | Reached skill level 6 in Stealth
  6235 | Bailey   | HP: 9/57 [human/+0 war axe (13)]
  6242 | Bailey   | HP: 8/57 [gnoll/+0 hand axe (3)]
  6248 | Bailey   | HP: 3/57 [orc/+0 hand axe (6)]
  6255 | Bailey   | Reached skill level 7 in Short Blades
  6376 | Bailey   | Reached XP level 10. HP: 47/63 MP: 18/18
  6389 | Bailey   | Reached ** piety under Dithmenos
  6390 | Bailey   | Reached skill level 4 in Ice Magic
  6515 | Bailey   | Noticed a vault guard
  6523 | Bailey   | Reached skill level 9 in Hexes
  6532 | Bailey   | Killed a vault guard
  6678 | Bailey   | Reached skill level 8 in Short Blades
  6678 | Bailey   | Reached skill level 6 in Spellcasting
  6745 | Bailey   | Noticed a vault guard
  6790 | Bailey   | Killed a vault guard
  6791 | Bailey   | Reached skill level 7 in Stealth
  7317 | D:7      | Reached *** piety under Dithmenos
  7838 | D:8      | Found a radiant altar of Vehumet.
  7915 | D:8      | Noticed Gastronok
  8019 | D:8      | Gained mutation: You have a pair of horns on your head.
                  | [demonic ancestry]
  8019 | D:8      | Reached XP level 11. HP: 60/68 MP: 15/20
  8047 | D:8      | Killed Gastronok
  8048 | D:8      | Reached skill level 10 in Hexes
  8048 | D:8      | Reached skill level 5 in Ice Magic
  8243 | D:8      | Identified the +6 scale mail "Laomyefa" {rF+}
  8368 | D:8      | Found an opulent altar of Gozag.
  8610 | D:9      | Noticed Jeremiah
  8616 | D:9      | Killed Jeremiah
  8617 | D:9      | magus.rc [v1.11.3]
  8767 | D:9      | Noticed Maggie
  8775 | D:9      | Killed Maggie
  8856 | D:9      | Reached skill level 2 in Dodging
  8985 | D:9      | Reached **** piety under Dithmenos
  9003 | D:9      | HP: 13/67 [wight/+4 mace of freezing (5)]
  9227 | D:9      | Found a transporter.
  9228 | D:9      | Found a transporter.
  9230 | D:9      | Found a transporter.
  9269 | D:9      | Found a transporter.
  9376 | D:9      | Found a burning altar of Makhleb.
  9418 | D:9      | Reached skill level 1 in Fighting
  9424 | D:9      | Reached skill level 9 in Short Blades
  9427 | D:9      | Reached skill level 1 in Armour
  9580 | D:10     | Entered Level 10 of the Dungeon
  9589 | D:10     | Noticed Joseph
  9596 | D:10     | Killed Joseph
 10014 | D:10     | Found a staircase to the Orcish Mines.
 10737 | D:11     | Reached skill level 2 in Fighting
 10900 | D:11     | Found Pettoull's Book Boutique.
 10906 | D:11     | Reached skill level 2 in Armour
 10906 | D:11     | Reached skill level 7 in Spellcasting
 10968 | D:11     | Found Qelib's Antique Weapon Shop.
 10973 | D:11     | Noticed a wolf spider
 10976 | D:11     | Noticed Urug
 11003 | D:11     | Reached skill level 3 in Dodging
 11208 | D:11     | Found Pomamm's Distillery.
 11451 | D:11     | Reached skill level 8 in Stealth
 11456 | D:11     | Gained mutation: You are mostly covered in sharp spines.
                  | [demonic ancestry]
 11456 | D:11     | Reached XP level 12. HP: 58/80 MP: 12/22
 11459 | D:11     | Reached skill level 11 in Hexes
 11470 | D:11     | Reached skill level 3 in Fighting
 11575 | D:11     | Reached ***** piety under Dithmenos
 11583 | D:11     | Noticed a boulder beetle
 11723 | D:11     | Killed a boulder beetle
 11800 | D:11     | Killed Urug
 11801 | D:11     | Reached skill level 3 in Armour
 11822 | D:11     | Noticed a centaur warrior
 11843 | D:11     | Killed a centaur warrior
 11844 | D:11     | Reached skill level 10 in Short Blades
 12044 | D:11     | Noticed a boulder beetle
 12069 | D:11     | HP: 13/83 [boulder beetle (36)]
 12075 | D:11     | HP: 9/83 [centaur warrior zombie (5)]
 12083 | D:11     | Reached skill level 4 in Dodging
 12360 | D:11     | Reached skill level 4 in Fighting
 12415 | D:11     | Killed a boulder beetle
 12436 | D:11     | Bought a runed dagger for 125 gold pieces
 12436 | D:11     | Found a runed translucent gate.
 12439 | D:11     | Found a runed translucent gate.
 12439 | D:11     | Found a runed translucent gate.
 12441 | D:11     | Found a runed translucent door.
 12441 | D:11     | Found a runed translucent door.
 12463 | D:11     | Found the +9 staff of Olgreb {rPois∞}
 12547 | D:11     | Found a staircase to the Lair.
 12691 | D:11     | a +0 ring mail; a +4 eveningstar {rare}
 13286 | D:12     | Found a hide-covered altar of Uskayaw.
 13784 | D:12     | Noticed a boulder beetle
 13791 | D:12     | Killed a boulder beetle
 13792 | D:12     | Reached skill level 4 in Armour
 13792 | D:12     | Reached skill level 12 in Hexes
 13999 | D:12     | Gained mutation: Spells you cast may paralyse nearby
                  | enemies. [demonic ancestry]
 13999 | D:12     | Reached XP level 13. HP: 89/90 MP: 19/24
 14205 | D:11     | Reached skill level 9 in Stealth
 14210 | D:11     | HP: 22/90 [poisoned by a redback]
 14418 | D:11     | Reached skill level 5 in Fighting
 14418 | D:11     | Reached skill level 11 in Short Blades
 14442 | D:11     | Paralysed by a hornet for 3 turns
 14491 | D:11     | Paralysed by a hornet for 2 turns
 14494 | D:11     | Reached skill level 5 in Dodging
 14626 | Lair:1   | Entered Level 1 of the Lair of Beasts
 14938 | Lair:1   | Reached skill level 1 in Conjurations
 15401 | Lair:1   | Reached skill level 2 in Conjurations
 15422 | Lair:1   | Found a runed translucent door.
 15558 | Lair:1   | Noticed a reaper
 15564 | Lair:1   | Killed a reaper
 15568 | Lair:1   | Identified the amulet "Xeats" {Reflect rCorr Str+6 Int-4
                  | SH+5}
 15997 | Lair:2   | Identified the ring "Pauts" {Contam Fly rF+ Will+++ Int+6}
 16117 | Lair:2   | Reached skill level 3 in Conjurations
 16161 | Lair:2   | Found a staircase to the Snake Pit.
 16178 | Lair:2   | Reached skill level 6 in Fighting
 16617 | Lair:2   | Found a staircase to the Swamp.
 16617 | Lair:2   | Noticed an eleionoma
 16623 | Lair:2   | Killed an eleionoma
 16810 | Lair:3   | Reached ****** piety under Dithmenos
 16894 | Lair:3   | Reached skill level 4 in Conjurations
 16898 | Lair:3   | Reached skill level 6 in Dodging
 17021 | Lair:3   | Reached skill level 12 in Short Blades
 17790 | Lair:4   | HP: 16/94 [komodo dragon (14)]
 17795 | Lair:4   | Gained mutation: You have very sharp fingernails. [demonic
                  | ancestry]
 17795 | Lair:4   | Reached XP level 14. HP: 16/101 MP: 12/25
 17800 | Lair:4   | Found a viscous altar of Jiyva.
 17800 | Lair:4   | Found a staircase to the Slime Pits.
 17801 | Lair:4   | HP: 12/101 [blink frog (6)]
 18018 | Lair:4   | Reached skill level 10 in Stealth
 18018 | Lair:4   | Reached skill level 5 in Conjurations
 18175 | Lair:3   | HP: 19/101 [death yak (8)]
 18179 | Lair:3   | HP: 2/101 [catoblepas (9)]
 18180 | Lair:3   | Slain by a death yak

Vanquished Creatures
  Gastronok (D:8)
  A reaper (Lair:1)
  An eleionoma (Lair:2)
  2 vault guards (Bailey)
  3 boulder beetles
  A centaur warrior (D:11)
  Urug (D:11)
  A death yak (Lair:3)
  2 skysharks
  Pikel (D:5)
  A deep elf pyromancer (D:12)
  2 oklob plants (D:11)
  2 wolf spiders (D:11)
  A salamander (Lair:2)
  2 manticores
  10 centaur zombies (D:11)
  Joseph (D:10)
  2 black mambas
  Maggie (D:9)
  4 cane toads
  10 komodo dragons
  A yaktaur (D:11)
  Jeremiah (D:9)
  3 rime drakes
  3 trolls (D:12)
  2 polar bears (Lair:1)
  Prince Ribbit (D:5)
  9 hornets
  11 blink frogs
  3 meliai zombies (D:11)
  A vampire (D:11)
  5 shadows
  3 wyverns (Lair:3)
  4 wraiths
  26 yaks
  4 basilisks
  9 humans
  6 vampire mosquitoes
  Edmund (D:5)
  A warg (D:10)
  Menkaure (D:5)
  8 redbacks (D:11)
  3 nagas (Lair:2)
  4 acid dragons
  16 water moccasins
  Duvessa (D:5)
  2 ice beasts
  10 orc warriors
  3 black bears (D:6)
  2 ogres
  9 centaurs
  A lemure (D:5)
  2 kobold brigands
  27 bullfrogs
  2 gnoll sergeants
  4 scorpions
  14 wights
  Dowan (D:5)
  15 killer bees
  A howler monkey (D:11)
  4 hounds
  5 orc priests
  A jelly (D:7)
  Jessica (D:2)
  Natasha (twice) (D:3)
  11 orc wizards
  5 iguanas
  23 gnolls
  A river rat (D:3)
  14 adders
  2 shadow imps (D:6)
  A white imp (D:7)
  2 ufetubi (D:7)
  A worm (D:2)
  4 dart slugs
  45 orcs
  17 endoplasms
  23 giant cockroaches
  10 goblins
  8 hobgoblins
  13 quokkas
  15 ball pythons
  8 bats
  6 frilled lizards
  17 kobolds
  13 rats
522 creatures vanquished.

Vanquished Creatures (others)
  A centaur (D:11)
  A boggart zombie (D:11)
2 creatures vanquished.

Grand Total: 524 creatures vanquished

Table legend:
 A = Non-vault XP
 B = Vault XP
 C = Vault XP percentage of total XP
 D = Non-vault monster count
 E = Vault monster count
 F = Vault count percentage of total count
                 A         B        C        D         E       F
            +---------+---------+-------+---------+---------+-------
      Total |   31667 |   34667 |  52.3 |     316 |     207 |  39.6
            +---------+---------+-------+---------+---------+-------
        D:1 |      59 |       0 |   0.0 |      31 |       0 |   0.0
        D:2 |      45 |      67 |  59.8 |      10 |      13 |  56.5
        D:3 |     276 |      76 |  21.6 |      25 |      17 |  40.5
        D:4 |     192 |      81 |  29.7 |      14 |       2 |  12.5
        D:5 |     590 |    1481 |  71.5 |      15 |      11 |  42.3
        D:6 |    1225 |       0 |   0.0 |      27 |       0 |   0.0
        D:7 |    1112 |       0 |   0.0 |      23 |       0 |   0.0
        D:8 |     857 |    1393 |  61.9 |      23 |       1 |   4.2
        D:9 |    1332 |     783 |  37.0 |      28 |       2 |   6.7
       D:10 |    1259 |    1745 |  58.1 |      16 |      13 |  44.8
       D:11 |    3064 |   18198 |  85.6 |      17 |      57 |  77.0
       D:12 |    4549 |       0 |   0.0 |      21 |       0 |   0.0
     Lair:1 |    5552 |    2385 |  30.0 |      26 |       4 |  13.3
     Lair:2 |    2024 |    2038 |  50.2 |       7 |       5 |  41.7
     Lair:3 |    6090 |     948 |  13.5 |      22 |       3 |  12.0
     Lair:4 |    3441 |       0 |   0.0 |      11 |       0 |   0.0
      Sewer |       0 |     312 | 100.0 |       0 |      42 | 100.0
     Bailey |       0 |    5160 | 100.0 |       0 |      37 | 100.0
            +---------+---------+-------+---------+---------+-------

Skill      XL: |  1  2  3  4  5  6  7  8  9 10 11 12 13 14 |
---------------+-------------------------------------------+-----
Short Blades   | 1 2 3 4 6 7 8 9 10 12 | 12.0
Stealth        | 3 4 5 6 7 8 9 10 | 10.0
Hexes          | 4 5 6 7 8 9 10 12 | 12.0
Spellcasting   | 3 4 5 6 7 |  7.6
Ice Magic      | 1 2 3 4 5 |  5.1
Dodging        | 3 4 6 |  6.3
Fighting       | 2 4 6 |  6.7
Armour         | 2 4 |  4.0
Conjurations   | 4 5 |  5.0

Action                     |  1- 3 |  4- 6 |  7- 9 | 10-12 | 13-15 || total
---------------------------+-------+-------+-------+-------+-------++-------
  Melee: Dagger            |   105 |   155 |   248 |   627 |   344 ||  1479
         Tailslap          |    14 |    12 |    33 |   116 |    51 ||   226
         Punch             |     1 |     5 |     1 |     6 |     4 ||    17
         Headbutt          |       |       |    43 |   166 |    69 ||   278
   Cast: Ensorcelled Hiber |     4 |    10 |    24 |    51 |    44 ||   133
         Confusing Touch   |       |       |     1 |    24 |     3 ||    28
         Tukima's Dance    |       |       |       |     5 |       ||     5
         Dazzling Flash    |       |       |       |     7 |    10 ||    17
         Slow              |       |       |       |     2 |       ||     2
  Evoke: Lightning rod     |       |       |       |     1 |       ||     1
         Phial of floods   |       |       |       |     1 |       ||     1
    Use: Scroll            |     3 |     2 |     7 |    13 |     5 ||    30
         Potion            |       |     1 |     1 |     3 |     1 ||     6
   Stab: Sleeping          |     6 |    13 |    29 |    49 |    33 ||   130
         Invisible         |       |     1 |       |     7 |     5 ||    13
         Paralysed         |       |       |     3 |    39 |    16 ||    58
         Confused          |       |       |       |    10 |     2 ||    12
         Distracted        |       |       |       |     1 |       ||     1
 Armour: Robe              |    48 |    38 |    79 |    31 |       ||   196
         Leather armour    |       |       |       |    33 |       ||    33
         Scale mail        |       |       |       |   332 |   203 ||   535
  Dodge: Dodged            |    42 |    88 |   145 |   461 |   160 ||   896
  Block: Other             |       |       |       |    28 |    51 ||    79
         Reflection        |       |       |       |       |     1 ||     1

Illustrated notes

Table legend:
 A = Kills in this place as a percentage of kills in the entire game.
 B = Kills by you in this place as a percentage of kills by you in the entire game.
 C = Kills by friends in this place as a percentage of kills by friends in the entire game.
 D = Other kills in this place as a percentage of other kills in the entire game.
 E = Experience gained in this place as a percentage of experience gained in the entire game.
 F = Experience gained in this place divided by the number of levels of this place that you have seen.
                   A       B       C       D       E      F
               +-------+-------+-------+-------+-------+----------------------
         Total | 100.0 | 100.0 |   N/A | 100.0 | 100.0 | 3491.3
       Dungeon |  70.0 |  69.9 |   N/A | 100.0 |  57.9 | 3198.7
          Lair |  14.9 |  15.0 |   N/A |   0.0 |  33.9 | 5619.5
         Sewer |   8.0 |   8.1 |   N/A |   0.0 |   0.5 | 312.0
        Bailey |   7.1 |   7.1 |   N/A |   0.0 |   7.8 | 5160.0
               +-------+-------+-------+-------+-------+----------------------

Table legend: (Time is in decaauts)
 A = Elapsed time spent in this place.
 B = Non-inter-level travel time spent in this place.
 C = Inter-level travel time spent in this place.
 D = Time resting spent in this place.
 E = Time spent auto-exploring this place.
 F = Levels seen in this place.
 G = Mean time per level.
                   A        B        C        D        E       F      G
               +--------+--------+--------+--------+--------+-----+--------+
         Total |  17732 |  17162 |    570 |   1480 |  12411 |  19 |  933.3 |
       Dungeon |  13095 |  12645 |    450 |   1090 |   9269 |  12 | 1091.2 |
        Temple |     18 |      1 |     17 |      0 |      0 |   1 |   18.0 |
          Lair |   3430 |   3328 |    102 |    337 |   2453 |   4 |  857.5 |
         Sewer |    464 |    464 |      0 |      7 |    207 |   1 |  464.0 |
        Bailey |    723 |    723 |      0 |     46 |    481 |   1 |  723.0 |
               +--------+--------+--------+--------+--------+-----+--------+

Top non-repeatable levels by time:
    D:10: 2048 daAuts
    D:11: 1999 daAuts
     D:5: 1558 daAuts
  Lair:3: 1248 daAuts
  Lair:2: 1056 daAuts
  Lair:1: 954 daAuts
     D:3: 954 daAuts
     D:9: 941 daAuts
     D:1: 879 daAuts
     D:7: 856 daAuts
    D:12: 821 daAuts
     D:4: 812 daAuts
     D:2: 771 daAuts
     D:8: 741 daAuts
  Bailey: 723 daAuts
